 Dungeon Crawl Stone Soup version 0.26.1-2-gb8aa6d0cf2 (webtiles) character file.

Game seed: 7628253120195978919

65 Mesmaeker13 the Magician (level 3, 0/19 HPs)
             Began as a Deep Elf Fire Elementalist on Feb 14, 2021.
             Slain by a howler monkey (3 damage)
             ... on level 4 of the Dungeon.
             The game lasted 00:03:49 (2750 turns).

Mesmaeker13 the Magician (DEFE)                     Turns: 2750, Time: 00:03:49

Health: 0/19       AC:  4    Str:  5    XL:     3   Next: 92%
Magic:  10/10      EV: 12    Int: 20    God:
Gold:   107        SH:  4    Dex: 15    Spells: 5/9 levels left

rFire    . . .     SeeInvis .   c - +0 dagger
rCold    . . .     Faith    .   k - +0 buckler
rNeg     . . .     Spirit   .   a - +0 robe
rPois    .         Reflect  .   i - +0 helmet
rElec    .         Harm     .   (no cloak)
rCorr    .         Rampage  .   o - +0 pair of gloves
Will     .....                  (no boots)
Stlth    ++........             (no amulet)
HPRegen  0.06/turn              (no ring)
MPRegen  0.12/turn              (no ring)

@: lethally poisoned (0 -> -3)
A: no striking features
a: no special abilities


You were on level 4 of the Dungeon.
You visited 1 branch of the dungeon, and saw 4 of its levels.

You collected 107 gold pieces.

Inventory:

Hand Weapons
 c - a +0 dagger (weapon)
 t - a +0 long sword
Missiles
 s - 4 poisoned darts
Armour
 a - a +0 robe (worn)
 i - a +0 helmet (worn)
 k - a +0 buckler (worn)
 o - a +0 pair of gloves (worn)
Jewellery
 q - a +4 ring of protection {unknown}
Scrolls
 b - a scroll of teleportation {unknown}
 d - 3 scrolls of identify {unknown}
 e - 2 scrolls of random uselessness {unknown}
 g - a scroll of enchant armour {unknown}
 h - 4 scrolls of remove curse {unknown}
 l - 2 scrolls of immolation {unknown}
 n - a scroll of amnesia {unknown}
 r - a scroll of blinking {unknown}
 v - a scroll of magic mapping {unknown}
Potions
 f - a potion of curing {unknown}
 j - 2 potions of mutation {unknown}
 m - a potion of berserk rage {unknown}
 p - a potion of cancellation {unknown}
 u - a potion of might {unknown}


   Skills:
 - Level 2.6 Dodging
 - Level 2.4 Stealth
 + Level 1.0 Shields
 + Level 3.9 Spellcasting
 + Level 2.2 Conjurations
 + Level 3.8 Fire Magic


You had 5 spell levels left.
You knew the following spells:

 Your Spells              Type           Power        Failure   Level
a - Foxfire               Conj/Fire      64%          5%          1
b - Conjure Flame         Conj/Fire      16%          16%         3

Your spell library contained the following spells:

 Spells                   Type           Power        Failure   Level
 Inner Flame              Hex/Fire       11%          26%         3
 Sticky Flame             Conj/Fire      16%          47%         4
 Fireball                 Conj/Fire      8%           83%         5


Dungeon Overview and Level Annotations

Branches:
Dungeon (4/15)
 Temple: D:4-7

Altars:
Ru
Trog
Uskayaw


Message History

You block the adder's attack. The howler monkey closely misses you.
The adder barely misses you. The howler monkey hits you.
You hit the adder.
The adder is almost dead.
The adder completely misses you. You block the howler monkey's attack.
You closely miss the adder.
The adder is almost dead.
You feel sick. The adder bites you but does no damage.
The howler monkey closely misses you.
You hit the adder.
You kill the adder!
The howler monkey closely misses you.
Your Shields skill increases to level 1!
The howler monkey hoots and howls with incredible vigour!
The howler monkey hits you.
* * * LOW HITPOINT WARNING * * *
You block the howler monkey's attack.
You hit the howler monkey but do no damage.
You feel sick. The howler monkey hits you.
You die...

####### #####
##.....##.....
##............[
####..............
#......@.....$....
........h.<.......
..................
..............(...
...........>......
..................
...........#......
........####.####.
....# .#


You could see a howler monkey (catching breath).

Vanquished Creatures
  A river rat (D:3)
  An adder (D:4)
  3 dart slugs (D:1)
  3 leopard geckos
  An orc (D:3)
  2 bats
  3 giant cockroaches
  4 goblins
  4 hobgoblins
  3 jackals (D:2)
  3 frilled lizards (D:1)
  3 kobolds (D:1)
  4 rats
35 creatures vanquished.

Vanquished Creatures (others)
  67 foxfires
67 creatures vanquished.

Grand Total: 102 creatures vanquished

Notes
Turn   | Place    | Note
-------+----------+-------------------------------------------
     0 | D:1      | Mesmaeker13 the Deep Elf Fire Elementalist began the quest
                  | for the Orb.
     0 | D:1      | Reached XP level 1. HP: 10/10 MP: 6/6
   263 | D:1      | Reached XP level 2. HP: 15/15 MP: 5/8
  1099 | D:1      | Reached XP level 3. HP: 19/19 MP: 8/10
  1407 | D:2      | Found a bloodstained altar of Trog.
  1551 | D:2      | Found a faded altar of an unknown god.
  1632 | D:2      | Found a sacrificial altar of Ru.
  1703 | D:2      | Found a hide-covered altar of Uskayaw.
  2423 | D:3      | Learned a level 3 spell: Conjure Flame
  2748 | D:4      | Reached skill level 1 in Shields
  2750 | D:4      | Slain by a howler monkey

Illustrated notes

Levels and vault maps discovered:
D:1:      dpeg_arrival_shelter, layout_basic, minmay_misc_feat_enclosed,
          minmay_surrounded
D:2:      layout_basic, lemuel_crystal_altar, general_overflow_altar,
          nicolae_ru_the_path_less_chosen, chequers_ecumenical_altar_island,
          kennysheep_another_room, grunt_decor_fettered, minmay_misc_feat_tiny
D:3:      layout_basic, gup_sewer_entry_spiral
D:4:      layout_rooms, uniq_natasha, uniq_blork_the_orc

Skill      XL: |  1  2  3 |
---------------+----------+-----
Conjurations   | 2 |  2.2
Shields        | 1 |  1.0
Dodging        | |  2.6
Stealth        | |  2.4
Spellcasting   | |  3.9
Fire Magic     | |  3.8

Action                   || total
-------------------------++-------
Melee: Dagger            ||    90
 Cast: Foxfire           ||    57
       Conjure Flame     ||     1
Armor: Robe              ||    26
Dodge: Dodged            ||    67
Block: Buckler           ||    26
